 Dungeon Crawl Stone Soup version 0.22.1-2-g9c5b331 (webtiles) character file.

555 Jawreze the Ruffian (level 7, -5/43 (57) HPs)
             Began as a Ghoul Earth Elementalist on Nov 13, 2018.
             Was an Initiate of Sif Muna.
             Slain by a centaur (9 damage)
             ... on level 5 of the Dungeon.
             The game lasted 00:16:40 (5223 turns).

Jawreze the Ruffian (Ghoul Earth Elementalist)      Turns: 5223, Time: 00:16:41

HP:   -5/43 (57)    AC:  5    Str: 12    XL:     7   Next: 30%
MP:   4/10          EV: 12    Int: 12    God:    Sif Muna [......]
Gold: 274           SH:  0    Dex:  9    Spells: 6/12 levels left

rFire    . . .     SeeInvis .     - Unarmed
rCold    + . .     Gourm    .   (no shield)
rNeg     + + +     Faith    .   c - +0 robe
rPois    ∞         Spirit   .   a - +2 helmet
rElec    .         Reflect  .   (no cloak)
rCorr    .         Harm     .   (no gloves)
MR       .....                  (no boots)
Stlth    ++........             (no amulet)
HPRegen  0.00/turn              (no ring)
MPRegen  0.12/turn              (no ring)

@: rotting
A: rotting body, claws 1, carnivore, cold resistance 1, negative energy
resistance 3, inhibited regeneration, torment resistance, unbreathing
a: Renounce Religion


You were on level 5 of the Dungeon.
You worshipped Sif Muna.
Sif Muna was noncommittal.
You were very hungry.

You visited 1 branch of the dungeon, and saw 5 of its levels.

You collected 274 gold pieces.

Inventory:

Missiles
 b - 248 stones (quivered)
 r - 8 tomahawks
Armour
 a - a +2 helmet (worn)
 c - a +0 robe (worn)
 e - a +0 ring mail
 m - a +0 shield
Jewellery
 f - an uncursed ring of fire {unknown}
 i - a +5 amulet of reflection {unknown}
 n - an uncursed ring of magical power {unknown}
 t - a +6 ring of strength {unknown}
 w - an uncursed ring of protection from cold {unknown}
Scrolls
 g - 2 scrolls of teleportation {unknown}
 h - 5 scrolls of identify
 l - a scroll of enchant weapon {unknown}
 p - a scroll of remove curse
 q - 4 scrolls of amnesia
 s - a scroll of random uselessness {unknown}
Potions
 j - 2 potions of mutation {unknown}
 k - a potion of haste {unknown}
 o - 2 potions of curing {unknown}
 u - 2 potions of flight {unknown}
 v - a potion of brilliance {unknown}
 x - a potion of heal wounds {unknown}
Comestibles
 d - 5 rations


   Skills:
 + Level 3.2 Fighting
 - Level 1.7 Dodging
 - Level 2.1 Stealth
 * Level 4.8 Unarmed Combat
 - Level 3.0 Spellcasting
 + Level 1.6 Conjurations
 - Level 0.8 Transmutations
 + Level 4.7 Earth Magic


You had 6 spell levels left.
You knew the following spells:

 Your Spells              Type           Power        Failure   Level  Hunger
a - Sandblast             Erth           ##....       3%          1    #......
b - Stone Arrow           Conj/Erth      #.....       21%         3    ###....
c - Passwall              Tmut/Erth      #.......     12%         2    ###....

Your spell library contained the following spells:

 Spells                   Type           Power        Failure   Level  Hunger
 Shock                    Conj/Air       #...         19%         1    #......
 Swiftness                Chrm/Air       #.......     36%         2    ###....
 Static Discharge         Conj/Air       #.......     47%         3    ###....
 Petrify                  Tmut/Erth      #.......     61%         4    #####..
 Lee's Rapid Deconstruct  Erth           ##........   67%         5    ######.
 Airstrike                Air            #.........   94%         4    #####..
 Lightning Bolt           Conj/Air       #.........   99%         5    ######.


Dungeon Overview and Level Annotations

Branches:
Dungeon (5/15)
 Temple: D:4-7

Altars:
Elyvilon
Nemelex Xobeh
Ru
Sif Muna
Uskayaw
Wu Jian
Yredelemnul
Zin

Shops:
D:5 *

Annotations:
D:4 exclusion: centaur


Innate Abilities, Weirdness & Mutations

Your body is rotting away.
You thrive on raw meat.
You are immune to poison.
You have sharp fingernails.
You are carnivorous and can eat meat at any time.
Your flesh is cold resistant. (rC+)
You are immune to negative energy. (rN+++)
You do not regenerate when monsters are visible.
You are immune to unholy pain and torment.
You can survive without breathing.


Message History

You barely miss the centaur.
The centaur is severely wounded.
The centaur closely misses you.
A gnoll comes into view. It is wielding a club.
The centaur barely misses you.
The leopard gecko hisses angrily.
You scratch the centaur.
The centaur is severely wounded.
The centaur hits you. The centaur hits you.
* * * LOW HITPOINT WARNING * * *
You see here an arrow.
You scratch the centaur.
The centaur is severely wounded.
The centaur hits you!
* * * LOW HITPOINT WARNING * * *
You closely miss the centaur.
The centaur is severely wounded.
The centaur hits you!
You die...

#.....# #.....#
###### #####.....#
##.##.. ...........
#..##.# ####......
#..##.# #####......
#..##.####..........
##..#.......###......
#..g@..###### ######.
#..c##.# #..
#....##.# #..#
#...g##.# .....
.....l##.# ...##
#.≈...§.##.. #.
#.....g.##.. ..
....∩....#.# ..
.........


You could see a centaur, 3 gnolls and a leopard gecko.

Vanquished Creatures
  Grinder (D:3)
  A water moccasin skeleton (D:5)
  An orc wizard (D:4)
  3 worker ants
  Robin (D:2)
  11 adders
  A worm (D:2)
  A dart slug (D:4)
  A leopard gecko (D:3)
  7 orcs
  11 bats
  2 giant cockroaches
  14 goblins
  7 hobgoblins
  10 jackals
  3 quokkas
  3 frilled lizards (D:1)
  5 kobolds
  10 rats
93 creatures vanquished.

Notes
Turn   | Place    | Note
-------+----------+-------------------------------------------
     0 | D:1      | Jawreze the Ghoul Earth Elementalist began the quest for
                  | the Orb.
     0 | D:1      | Reached XP level 1. HP: 14/14 MP: 2/2
   489 | D:1      | Reached skill level 1 in Unarmed Combat
   489 | D:1      | Reached XP level 2. HP: 22/22 MP: 3/3
  1287 | D:2      | Reached skill level 1 in Fighting
  1351 | D:2      | Reached XP level 3. HP: 25/28 MP: 5/5
  1718 | D:2      | Reached XP level 4. HP: 32/33 MP: 6/6
  1854 | D:2      | Noticed Robin
  1940 | D:2      | Found a sacrificial altar of Ru.
  1941 | D:2      | Found a white marble altar of Elyvilon.
  1941 | D:2      | Found a glowing silver altar of Zin.
  1942 | D:2      | Found a basalt altar of Yredelemnul.
  2290 | D:2      | Killed Robin
  2633 | D:3      | Reached XP level 5. HP: 41/41 MP: 4/7
  2635 | D:3      | Noticed Grinder
  2745 | D:3      | Learned a level 3 spell: Stone Arrow
  2748 | D:3      | Learned a level 2 spell: Passwall
  2863 | D:3      | Paralysed by Grinder for 5 turns
  3204 | D:4      | Found a hide-covered altar of Uskayaw.
  3237 | D:4      | Noticed an ogre
  3268 | D:3      | Reached XP level 6. HP: 27/50 MP: 7/9
  3413 | D:3      | Paralysed by Grinder for 3 turns
  3441 | D:3      | Killed Grinder
  3441 | D:3      | Reached skill level 1 in Conjurations
  3441 | D:3      | Reached XP level 7. HP: 51/56 MP: 0/10
  3939 | D:4      | Found an ornate altar of the Wu Jian Council.
  4618 | D:4      | Found a deep blue altar of Sif Muna.
  4641 | D:4      | Found a sparkling altar of Nemelex Xobeh.
  4687 | D:4      | Became a worshipper of Sif Muna the Loreminder
  5061 | D:5      | Entered Level 5 of the Dungeon
  5212 | D:5      | Found Guinal's Elemental Accessories.
  5223 | D:5      | Slain by a centaur

Skill      XL: |  1  2  3  4  5  6 |
---------------+-------------------+-----
Unarmed Combat | 1 2 3 4 |  4.8
Spellcasting   | 2 3 |  3.0
Fighting       | 1 2 3 |  3.2
Earth Magic    | 4 |  4.7
Conjurations   | 1 |  1.6
Dodging        | |  1.7
Stealth        | |  2.1
Transmutations | |  0.8

Action                   |  1- 3 |  4- 6 |  7- 9 || total
-------------------------+-------+-------+-------++-------
Melee: Unarmed           |   135 |   157 |    80 ||   372
       Punch             |       |     1 |     2 ||     3
 Cast: Sandblast         |    10 |    31 |     3 ||    44
       Passwall          |       |     1 |       ||     1
       Stone Arrow       |       |       |     4 ||     4
  Use: Scroll            |       |       |     2 ||     2
 Stab: Sleeping          |     2 |       |       ||     2
  Eat: Chunk             |     1 |     7 |     4 ||    12
       Ration            |       |       |     1 ||     1
Armor: Robe              |    15 |       |    14 ||    29
       Ring mail         |    51 |    84 |     6 ||   141
Dodge: Dodged            |   103 |    90 |    61 ||   254
